 Dungeon Crawl Stone Soup version 0.16.0-11-gd45b091 (console) character file.

207 Fusha the Insei (level 5, -5/28 HPs)
             Began as a Vine Stalker Monk on Mar 17, 2015.
             Killed by nerve-wracking pain
             ... invoked by Grinder
              (12 damage)
             ... while paralysed by Grinder
             ... on level 3 of the Dungeon.
             The game lasted 00:08:08 (1598 turns).

Fusha the Insei (Vine Stalker Monk)                 Turns: 1598, Time: 00:08:09

Health: -5/28      AC:  3    Str: 18    XL:     5   Next: 85%
Magic:  0/7        EV:  2    Int: 10    God:
Gold:   143        SH:  0    Dex: 16    Spells: 0 memorised, 4 levels left

rFire  . . .     SeeInvis +       - Unarmed
rCold  . . .     Clarity  .     a - +0 robe
rNeg   . . .     SustAb   .     (no shield)
rPois  .         Gourm    .     i - +0 helmet
rElec  .         Spirit   +     (no cloak)
rCorr  .         Warding  .     (no gloves)
rMut   .         Stasis   .     (no boots)
MR     .....                    (no amulet)
Stlth  +.........               j - ring of see invisible
                                e - +3 ring of strength

@: confused, paralysed, not resistant to hostile enchantments, very unstealthy
A: fangs 2, regeneration 1, magic shield, antimagic bite, no device heal 3, rot
immunity
a: no special abilities


You were on level 3 of the Dungeon.
You were not hungry.

You visited 1 branch of the dungeon, and saw 3 of its levels.

You collected 143 gold pieces.

Inventory:

Armour
 a - a +0 robe (worn)
 i - a +0 helmet (worn)
Jewellery
 e - a +3 ring of strength (left hand)
 j - a ring of see invisible (right hand)
Magical devices
 t - a wand of disintegration (0)
Scrolls
 c - 7 scrolls of identify {unknown}
 g - a scroll of blinking {unknown}
 h - 2 scrolls of teleportation {unknown}
 n - 2 scrolls of enchant armour {unknown}
 o - a scroll of immolation {unknown}
 q - a scroll of amnesia {unknown}
 r - 2 scrolls of remove curse {unknown}
Potions
 k - a potion of poison {unknown}
 l - 2 potions of agility {unknown}
 p - a potion of mutation {unknown}
 s - 2 potions of cure mutation {unknown}
Comestibles
 b - a bread ration
 d - 8 fruits
 m - a meat ration


   Skills:
 + Level 3.3 Fighting
 + Level 3.5 Dodging
 + Level 3.5 Stealth
 + Level 5.2 Unarmed Combat


You had 4 spell levels left.
You didn't know any spells.

Dungeon Overview and Level Annotations

Branches:
Dungeon (3/15)

Altars:
Cheibriados
Fedhas
Xom
Yredelemnul
The Shining One

Annotations:
D:3 Grinder


Innate Abilities, Weirdness & Mutations

You have extremely sharp teeth.
Your natural rate of healing is unusually fast.
When hurt, damage is shared between your health and your magic reserves.
Your bite disrupts and absorbs the magic of your enemies.
Potions and wands cannot restore your health.
You are immune to rotting.


Message History

Aim: Grinder, carrying a wand of confusion {zapped: 11} (almost dead, chance 65%) Nothing appears to happen.
Grinder zaps a wand.
You are confused.
You closely miss Grinder. You bite Grinder, but do no damage.
Grinder is almost dead.
Grinder hits you!
You writhe in agony.
You bump into the rock wall.
Grinder gestures.
Grinder blinks!
Grinder gestures at you.
You suddenly lose the ability to move!
Grinder gestures at you. Pain shoots through your body!
* * * LOW HITPOINT WARNING * * *
Grinder zaps a wand.
You are more confused.
Grinder gestures at you. Pain shoots through your body!
You die...

# ## .## #.###########
##..........# #.#########.#
.## #.############# ##
#.....@..5..... #
############### ######
.....####### #####
####.##....###...# ####
#.......†......#.# #...##
#.#####.##.###...##..[..###


You could see Grinder.

Vanquished Creatures
  The ghost of CrazyArbalest the Bolt Thrower, an average CeHu of Gozag (D:3)
  Terence (D:3)
  5 adders
  A giant mite (D:3)
  A worm (D:2)
  3 giant geckos
  A giant cockroach (D:1)
  6 goblins
  6 hobgoblins
  9 kobolds
  2 quokkas (D:3)
  2 ball pythons (D:1)
  8 bats
  3 giant newts
  7 rats
56 creatures vanquished.

Notes
Turn   | Place    | Note
--------------------------------------------------------------
     0 | D:1      | Fusha, the Vine Stalker Monk, began the quest for the Orb.
     0 | D:1      | Reached XP level 1. HP: 11/11 MP: 1/1
   124 | D:1      | Reached XP level 2. HP: 14/16 MP: 3/3
   343 | D:1      | Reached XP level 3. HP: 15/19 MP: 2/4
   547 | D:2      | Found a shimmering altar of Xom.
   547 | D:2      | Found a basalt altar of Yredelemnul.
   547 | D:2      | Found a snail-covered altar of Cheibriados.
   548 | D:2      | Found a glowing golden altar of the Shining One.
   735 | D:2      | Reached XP level 4. HP: 12/23 MP: 2/5
  1164 | D:3      | Noticed Terence
  1182 | D:3      | Killed Terence
  1229 | D:3      | Reached skill level 5 in Unarmed Combat
  1303 | D:3      | Noticed CrazyArbalest's ghost (average CeHu)
  1314 | D:3      | Killed CrazyArbalest's ghost
  1314 | D:3      | Reached XP level 5. HP: 8/28 MP: 1/7
  1397 | D:3      | Found a blossoming altar of Fedhas.
  1554 | D:3      | Noticed Grinder
  1572 | D:3      | Paralysed by Grinder for 6 turns
  1595 | D:3      | Paralysed by Grinder for 4 turns
  1598 | D:3      | Killed from afar by Grinder

Action                   |  1- 3 |  4- 6 || total
-------------------------+-------+-------++-------
Melee: Unarmed           |    72 |    71 ||   143
Evoke: Wand              |       |     7 ||     7
  Use: Potion            |       |     1 ||     1
 Stab: Sleeping          |     1 |       ||     1
  Eat: Pizza             |       |     1 ||     1
       Beef jerky        |       |     1 ||     1
